 Dungeon Crawl Stone Soup version 0.30-a0-778-g2ef04afb54 (webtiles) character file.

Game seed: 3290039035201246514

130 Smoke131 the Chucker (level 5, -2/53 HPs)
             Began as an Ogre Gladiator on Feb 15, 2023.
             Slain by a black bear (3 damage)
             ... on level 4 of the Dungeon.
             The game lasted 00:05:14 (1548 turns).

Smoke131 the Chucker (Ogre Gladiator)               Turns: 1548, Time: 00:05:15

Health: -2/53      AC:  3    Str: 18    XL:     5   Next: 14%
Magic:  5/5        EV: 10    Int:  9    God:
Gold:   89         SH:  0    Dex: 12    Spells: 4/4 levels left

rFire   + . .      SeeInvis .    a - +0 war axe
rCold   . . .      Faith    .    (no shield)
rNeg    . . .      Spirit   .    b - +0 robe
rPois   +          Reflect  .    c - +0 hat
rElec   .          Harm     .    (no cloak)
rCorr   .          Rampage  .    (gloves unavailable)
Will    .....                    (boots unavailable)
Stlth   +                        k - amulet of regeneration
HPRegen 1.08/turn                f - ring of poison resistance
MPRegen 0.09/turn                i - ring of protection from fire

@: no status effects
A: large, unfitting armour, tough skin 1
a: no special abilities


You were on level 4 of the Dungeon.
You visited 1 branch of the dungeon, and saw 5 of its levels.

You collected 89 gold pieces.

Inventory:

Hand Weapons
 a - a +0 war axe (weapon)
Missiles
 d - 3 throwing nets
 e - a large rock
 h - 27 stones
 l - 2 boomerangs (quivered)
Armour
 b - a +0 robe (worn)
 c - a +0 hat (worn)
Jewellery
 f - a ring of poison resistance (left hand)
 i - a ring of protection from fire (right hand)
 k - an amulet of regeneration (around neck)
 o - an amulet of reflection
Scrolls
 g - a scroll of fog {unknown}
 j - 3 scrolls of identify
 n - a scroll of enchant weapon {unknown}
Potions
 m - a potion of mutation


   Skills:
 - Level 3.0 Fighting
 - Level 3.0 Axes
 + Level 4.9 Throwing
 - Level 3.0 Dodging


You had 4 spell levels left.
You didn't know any spells.
Your spell library was empty.

Dungeon Overview and Level Annotations

Branches:
Dungeon (5/15)
 Temple: D:4-7

Altars:
Sif Muna


Innate Abilities, Weirdness & Mutations

You are too large for most types of armour.
You have tough skin. (AC +1)


Message History

The black bear bites you! The black bear claws you. x2
The orc priest invokes the aid of Beogh against you.
Beogh smites you!
The black bear attacks as you move away!
The black bear bites you. The black bear claws you.
The black bear barely misses you.
The black bear attacks as you move away!
The black bear bites you! The black bear misses you. The black bear claws you.
* * * LOW HITPOINT WARNING * * *
The black bear attacks as you move away!
The black bear bites you but does no damage.
The black bear claws you.
* * * LOW HITPOINT WARNING * * *
The black bear claws you.
* * * LOW HITPOINT WARNING * * *
The orc priest miscasts a cantrip.
The black bear attacks as you move away!
The black bear bites you but does no damage.
The black bear claws you but does no damage.
The black bear claws you.
* * * LOW HITPOINT WARNING * * *
There is a stone staircase leading up here.
The black bear barely misses you. The black bear claws you.
* * * LOW HITPOINT WARNING * * *
The black bear barely misses you.
You climb upwards.
You hear the sound of rushing water.
There is an entrance to a sewer on this level.
Hurry and find it before the portal rusts away!
There is a stone staircase leading down here.
The black bear attacks as you move away!
The black bear bites you.
* * * LOW HITPOINT WARNING * * *
The black bear closely misses you. The black bear claws you.
* * * LOW HITPOINT WARNING * * *
A gnoll comes into view. It is wielding a +0 halberd.
The black bear attacks as you move away!
The black bear bites you!
* * * LOW HITPOINT WARNING * * *
The black bear claws you.
You die...

#.### #
#.#.. #.
#.#.# #.
#.#.#
#.##.#.#
#...>.#
#.##.###
#.h.#
#.@.#
#...#
#...#
#...#
#...#
.....
.....
.g.....


You could see a black bear and a gnoll (asleep).

Vanquished Creatures
  4 gnolls (D:2)
  2 adders (D:2)
  A worm (D:2)
  3 dart slugs (D:1)
  4 endoplasms (D:2)
  2 giant cockroaches (D:2)
  6 goblins
  4 hobgoblins
  6 jackals
  5 quokkas
  8 ball pythons
  5 bats
  4 frilled lizards (D:1)
  5 kobolds (D:1)
  3 rats
62 creatures vanquished.

Notes
Turn   | Place    | Note
-------+----------+-------------------------------------------
     0 | D:1      | Smoke131 the Ogre Gladiator began the quest for the Orb.
     0 | D:1      | Reached XP level 1. HP: 22/22 MP: 1/1
    27 | D:1      | Reached XP level 2. HP: 28/31 MP: 2/2
   229 | D:1      | Reached XP level 3. HP: 37/37 MP: 3/3
   244 | D:1      | Reached skill level 3 in Throwing
   714 | D:2      | Reached XP level 4. HP: 43/45 MP: 4/4
   804 | D:2      | Reached skill level 4 in Throwing
  1002 | D:2      | Found a shimmering blue altar of Sif Muna.
  1435 | D:2      | Reached XP level 5. HP: 41/53 MP: 5/5
  1479 | D:3      | You fall into a shaft and drop 2 floors!
  1479 | D:5      | Entered Level 5 of the Dungeon
  1504 | D:5      | Noticed a black bear
  1548 | D:4      | HP: 1/53 [black bear (8)]
  1548 | D:4      | Slain by a black bear

Illustrated notes

Levels and vault maps discovered:
D:1:      minmay_arrival_stair_chambers, layout_rooms
D:2:      minmay_angry_zag, layout_loops_ring, basic_altar,
          kennysheep_generic_room_3
D:3:      layout_basic, serial_glass, glass_columns_a, glass_columns_c,
          glass_columns_a, glass_columns_c, glass_columns_a, glass_columns_b,
          glass_columns_a, glass_columns_a, due_unseen_surprise,
          minmay_strange_pillars, feat_on_display, feat_on_display,
          amcnicky_mini_pool_small
D:4:      layout_loops_cross, lemuel_zombie_altar_kikubaaqudgha,
          portal_sewer_entry_f
D:5:      layout_loops_cross, makhleb_blood_cavern_becter, serial_shops, shop,
          uniq_duvessa

Skill      XL: |  1  2  3  4 |
---------------+-------------+-----
Fighting       | 3 |  3.0
Dodging        | 3 |  3.0
Throwing       | 3 4 |  4.9
Axes           | |  3.0

Action                     |  1- 3 |  4- 6 || total
---------------------------+-------+-------++-------
  Melee: War axe           |   109 |    64 ||   173
         Punch             |     2 |     3 ||     5
  Throw: Boomerang         |       |    10 ||    10
         Large rock        |       |     1 ||     1
    Use: Scroll            |       |     1 ||     1
   Stab: Sleeping          |     2 |     3 ||     5
 Armour: Robe              |    39 |    26 ||    65
  Dodge: Dodged            |    64 |    84 ||   148

Table legend: (Time is in decaauts)
 A = Elapsed time spent in this place.
 B = Non-inter-level travel time spent in this place.
 C = Inter-level travel time spent in this place.
 D = Time resting spent in this place.
 E = Time spent auto-exploring this place.
 F = Levels seen in this place.
 G = Mean time per level.
                   A        B        C        D        E       F      G
               +--------+--------+--------+--------+--------+-----+--------+
         Total |   1614 |   1581 |     33 |     50 |    794 |   5 |  322.8 |
       Dungeon |   1614 |   1581 |     33 |     50 |    794 |   5 |  322.8 |
               +--------+--------+--------+--------+--------+-----+--------+

Top non-repeatable levels by time:
     D:2: 908 daAuts
     D:1: 579 daAuts
     D:5: 64 daAuts
     D:3: 58 daAuts
     D:4: 3 daAuts
